 Dungeon Crawl Stone Soup version 0.27.1 (webtiles) character file.

Game seed: 4739860692947796652

490 Rrauwl the Archer (level 6, 0/35 HPs)
             Began as a Deep Elf Hunter on Aug 24, 2021.
             Succumbed to a scorpion's poison
             ... on level 5 of the Dungeon.
             The game lasted 00:13:25 (3900 turns).

Rrauwl the Archer (Deep Elf Hunter)                 Turns: 3900, Time: 00:13:26

Health: 0/35       AC:  4    Str:  7 (10) XL:     6   Next: 90%
Magic:  8/8        EV: 13    Int: 15 (16) God:
Gold:   183        SH:  0    Dex: 14 (16) Spells: 5/5 levels left

rFire    . . .     SeeInvis .   b - +3 quarterstaff (chaos)
rCold    . . .     Faith    .   (shield currently unavailable)
rNeg     . . .     Spirit   .   c - +0 leather armour
rPois    .         Reflect  .   (no helmet)
rElec    .         Harm     .   i - +0 cloak
rCorr    +         Rampage  .   (no gloves)
Will     .....                  (no boots)
Stlth    ++........             (no amulet)
HPRegen  0.11/turn              h - ring of resist corrosion
MPRegen  0.11/turn              (no ring)

@: lethally poisoned (0 -> -1)
A: no striking features
a: no special abilities


You were on level 5 of the Dungeon.
You visited 1 branch of the dungeon, and saw 5 of its levels.

You collected 183 gold pieces.

Inventory:

Hand Weapons
 a - a +2 shortbow of venom
 b - a +3 quarterstaff of chaos (weapon)
Missiles
 d - 31 arrows
Armour
 c - a +0 leather armour (worn)
 i - a +0 cloak (worn)
Jewellery
 h - a ring of resist corrosion (left hand)
 k - a +6 ring of dexterity
Scrolls
 e - 3 scrolls of identify
 g - a scroll of enchant weapon
 j - 2 scrolls of teleportation


   Skills:
 - Level 2.0 Fighting
 + Level 8.0 Bows
 - Level 2.0 Armour
 + Level 5.9 Dodging
 - Level 2.0 Stealth


You had 5 spell levels left.
You didn't know any spells.
Your spell library contained the following spells:

 Spells                   Type           Power      Damage    Failure   Level
 Corpse Rot               Necr/Air       N/A        N/A       52%         2
 Poisonous Vapours        Pois/Air       0%         N/A       52%         2
 Tukima's Dance           Hex            0%         N/A       75%         3
 Airstrike                Air            0%         N/A       98%         4
 Passage of Golubria      Tloc           N/A        N/A       98%         4
 Summon Lightning Spire   Summ/Air       0%         N/A       98%         4
 Freezing Cloud           Conj/Ice/Air   0%         6-21      100%        5
 Lightning Bolt           Conj/Air       0%         1d11      100%        5
 Yara's Violent Unravell  Hex/Tmut       0%         3d3       100%        5


Dungeon Overview and Level Annotations

Branches:
Dungeon (5/15)
 Temple: D:4-7

Altars:
Elyvilon
Vehumet

Shops:
D:1 !   D:2 =


Message History

You are more poisoned.
The scorpion poisons you!
The scorpion stings you but does no damage.
You closely miss the scorpion.
The scorpion is heavily wounded.
You feel very sick. The scorpion barely misses you.
You feel very sick.
The scorpion stings you but does no damage.
The scorpion stings you.
* * * LOW HITPOINT WARNING * * *
Okay, then.
You feel better. The scorpion stings you.
You closely miss the scorpion.
The scorpion is heavily wounded.
The scorpion stings you.
You are lethally poisoned!
The scorpion poisons you!
You closely miss the scorpion.
The scorpion is heavily wounded.
* * * LOW HITPOINT WARNING * * *
You feel very sick. The scorpion closely misses you. x2
You thump the scorpion!
Space bends around the scorpion.
You kill the scorpion!
* * * LOW HITPOINT WARNING * * *
You feel sick.
Your Bows skill increases to level 8!
You aren't carrying any potions.
There is a lethal amount of poison in your body!
A howler monkey zombie comes into view.
* * * LOW HITPOINT WARNING * * *
You feel sick.
* * * LOW HITPOINT WARNING * * *
You feel sick.
* * * LOW HITPOINT WARNING * * *
You feel sick.
* * * LOW HITPOINT WARNING * * *
You feel sick.
You die...

#... #(.##
#...# #...
#..## #Z..#
#...#####
######...<...#
#...@.........#
#.####........#
#........#
#..........
##.......###
#.......#
#.......#
#####.#


There were no monsters in sight!

Vanquished Creatures
  An ice beast (D:4)
  An ogre (D:4)
  A scorpion (D:5)
  A howler monkey (D:4)
  A hound (D:4)
  Crazy Yiuf (D:2)
  An iguana (D:4)
  An orc wizard (D:4)
  Robin (D:3)
  An adder (D:3)
  An adder skeleton (D:4)
  A dart slug (D:4)
  10 orcs
  3 bats
  7 endoplasms
  2 giant cockroaches
  13 goblins
  8 hobgoblins
  6 kobolds
  A quokka (D:4)
  5 ball pythons
  5 frilled lizards
  4 rats (D:2)
  A bush (D:2)
77 creatures vanquished.

Vanquished Creatures (others)
  An ogre (D:4)
  An orc priest (D:4)
2 creatures vanquished.

Grand Total: 79 creatures vanquished

Notes
Turn   | Place    | Note
-------+----------+-------------------------------------------
     0 | D:1      | Rrauwl the Deep Elf Hunter began the quest for the Orb.
     0 | D:1      | Reached XP level 1. HP: 12/12 MP: 3/3
   353 | D:1      | Found Vorasm's Distillery.
   444 | D:1      | Reached XP level 2. HP: 17/17 MP: 4/4
   889 | D:2      | Found Vekkecu's Jewellery Boutique.
  1294 | D:2      | Found a faded altar of an unknown god.
  1910 | D:2      | Found a runed translucent door.
  1911 | D:2      | Noticed Crazy Yiuf
  1934 | D:2      | Killed Crazy Yiuf
  1935 | D:2      | Reached skill level 1 in Armour
  1935 | D:2      | Reached XP level 3. HP: 21/21 MP: 5/5
  2007 | D:3      | Noticed Robin
  2009 | D:3      | Reached skill level 6 in Bows
  2132 | D:3      | Killed Robin
  2133 | D:3      | Reached XP level 4. HP: 26/26 MP: 6/6
  2518 | D:4      | Noticed an ice beast
  2604 | D:4      | Reached XP level 5. HP: 30/30 MP: 7/7
  2665 | D:4      | Noticed an ogre
  2675 | D:4      | Killed an ogre
  2695 | D:4      | Reached skill level 7 in Bows
  2695 | D:4      | Reached XP level 6. HP: 20/35 MP: 8/8
  2839 | D:4      | Reached skill level 5 in Dodging
  3259 | D:4      | Found a white marble altar of Elyvilon.
  3281 | D:4      | Killed an ice beast
  3386 | D:4      | Found a radiant altar of Vehumet.
  3883 | D:5      | Entered Level 5 of the Dungeon
  3896 | D:5      | Reached skill level 8 in Bows
  3899 | D:5      | HP: 1/35 [poisoned by a scorpion]
  3900 | D:5      | Succumbed to a scorpion's poison

Illustrated notes

Levels and vault maps discovered:
D:1:      mrwooster_arrival_arrow, layout_basic, serial_shops,
          nicolae_shop_behind_doors, nrook_mini_vaults,
          minmay_misc_feat_diagonals, st_stairs_10
D:2:      layout_loops_ring, serial_shops, nicolae_shop_crystal,
          basic_ecumenical_altar, uniq_crazy_yiuf_cottage
D:3:      layout_rooms, uniq_robin
D:4:      layout_loops_cross, fiery_altar_vehumet, elyvilon_altar_3,
          minmay_vboxes
D:5:      layout_loops_ring, nicolae_hepliaklqana_monster_ancestors

Skill      XL: |  1  2  3  4  5  6 |
---------------+-------------------+-----
Fighting       | 2 |  2.0
Armour         | 1 2 |  2.0
Stealth        | 2 |  2.0
Dodging        | 3 4 5 |  5.9
Bows           | 6 7 8 |  8.0

Action                   |  1- 3 |  4- 6 || total
-------------------------+-------+-------++-------
Melee: Short sword       |   411 |       ||   411
       Quarterstaff      |       |    34 ||    34
 Fire: Shortbow          |    62 |    84 ||   146
  Use: Scroll            |     5 |     2 ||     7
       Potion            |     2 |     5 ||     7
 Stab: Paralysed         |       |     2 ||     2
       Sleeping          |       |     1 ||     1
Armor: Leather armour    |     7 |    11 ||    18
Dodge: Dodged            |    21 |    32 ||    53
